 Dungeon Crawl Stone Soup version 0.29.0-4-gdea44cf6ec (webtiles) character file.

Game seed: 11477715275132920993

42 qw the Chopper (level 3, -6/21 HPs)
             Began as a Tengu Warper on Aug 28, 2022.
             Splashed by a jelly's acid (8 damage)
             ... on level 2 of the Dungeon.
             The game lasted 00:00:09 (1854 turns).

qw the Chopper (Tengu Warper)                       Turns: 1854, Time: 00:00:09

Health: -6/21      AC:  8    Str: 13    XL:     3   Next: 56%
Magic:  7/7        EV:  6    Int: 13    God:
Gold:   114        SH:  0    Dex: 13    Spells: 6/6 levels left

rFire   . . .      SeeInvis .   Y - +2 hand axe
rCold   . . .      Faith    .   (no shield)
rNeg    . . .      Spirit   .   j - +0 chain mail
rPois   .          Reflect  .   (helmet restricted)
rElec   .          Harm     .   (no cloak)
rCorr   .          Rampage  .   (no gloves)
Will    .....                   (boots unavailable)
Stlth   ..........              (no amulet)
HPRegen 0.07/turn               (no ring)
MPRegen 0.10/turn               (no ring)

@: no status effects
A: beak, talons 3
a: no special abilities


You were on level 2 of the Dungeon.
You visited 1 branch of the dungeon, and saw 2 of its levels.

You collected 114 gold pieces.


Innate Abilities, Weirdness & Mutations

You have a beak for a mouth.
You have claws for feet.


   Skills:
 - Level 2.0 Fighting
 + Level 4.2 Axes
 - Level 1.0 Throwing
 - Level 1.1 Armour
 - Level 2.1 Dodging
 - Level 2.0 Spellcasting
 - Level 2.4 Translocations


You had 6 spell levels left.
You didn't know any spells.
Your spell library contained the following spells:

 Spells                   Type           Power      Damage    Failure   Level
 Blink                    Tloc           14%        N/A       99%         2
 Gell's Gravitas          Tloc           7%         N/A       100%        3
 Lesser Beckoning         Tloc           7%         N/A       100%        3
 Teleport Other           Tloc           7%         N/A       100%        3
 Manifold Assault         Tloc           7%         N/A       100%        5

Inventory:

Hand Weapons
 f - a +0 whip
 Y - a +2 hand axe (weapon)
Armour
 j - a +0 chain mail (worn)
Scrolls
 a - a scroll of teleportation {unknown}
 g - a scroll of identify
Potions
 h - a potion of might
 i - 2 potions of mutation {unknown}
 k - a potion of brilliance {unknown}
 l - a potion of magic {unknown}

Dungeon Overview and Level Annotations

Branches:
Dungeon (2/15)

Altars:


Message History

The bat barely misses you.
You closely miss the bat. You peck the bat, but do no damage.
The bat hits you but does no damage. The bat barely misses you.
You hit the bat.
You kill the bat!
You hit the endoplasm.
The endoplasm is lightly wounded.
The endoplasm freezes you.
You are frozen.
The endoplasm freezes you.
You are frozen.
You hit the endoplasm.
You kill the endoplasm!
You start resting.
HP restored.
A bat comes into view.
Found 9 gold pieces.
You closely miss the bat. Your kick misses the bat.
The bat hits you but does no damage. The bat hits you but does no damage.
You closely miss the bat. The bat hits you but does no damage.
You hit the bat.
You kill the bat!
You now have 94 gold pieces (gained 9).
You now have 98 gold pieces (gained 4).
You now have 107 gold pieces (gained 9).
You now have 114 gold pieces (gained 7).
You open the door.
There is an open door here.
An endoplasm and a jelly come into view.
The endoplasm quivers.
The jelly quivers.
You hit the jelly.
Your hands burn!
The jelly is moderately wounded.
The jelly hits you.
You are splashed with acid!
You barely miss the jelly. You claw the jelly!
The jelly is severely wounded.
The jelly hits you.
You are splashed with acid!
You die...

#.......##....#
#.....#######%#
#.....#### #.# #
#........# #.## #
#........# #..####
#####....#####.##..
#..'..............
#.##........#.....
#@####......##....
....J.J.#
#......##....
.....#..#
#......##.... ....
#..# ###### #....
### #..# ####. #..#
#. ...# #..#


You could see a jelly and an endoplasm.

Vanquished Creatures
  A dart slug (D:1)
  7 ball pythons (D:1)
  3 bats
  2 endoplasms
  2 giant cockroaches (D:1)
  5 goblins (D:1)
  A hobgoblin (D:1)
  4 jackals (D:1)
  2 kobolds (D:1)
  2 quokkas (D:1)
  4 frilled lizards
  4 rats
37 creatures vanquished.

Notes
Turn   | Place    | Note
-------+----------+-------------------------------------------
     0 | D:1      | qw the Tengu Warper began the quest for the Orb.
     0 | D:1      | Reached XP level 1. HP: 12/12 MP: 4/4
     0 | D:1      | 0 ||| qw: Version: 0.1-a-89-g26bdef1
     0 | D:1      | 0 ||| qw: Game counter: 2187
     0 | D:1      | 0 ||| qw: Always use a shield: true
     0 | D:1      | 0 ||| qw: God list: Okawaru
     0 | D:1      | 0 ||| qw: Allow faded altars: false
     0 | D:1      | 0 ||| qw: Do Orc after D:15 true
     0 | D:1      | 0 ||| qw: Do second Lair branch before Depths: true
     0 | D:1      | 0 ||| qw: Lair rune preference: random
     0 | D:1      | 0 ||| qw: Plans: Normal
     0 | D:1      | 0 ||| PLANNING D:1-11
    19 | D:1      | 19 ||| Stepping ~*~*~tactically~*~*~ (stealth).
    79 | D:1      | Reached skill level 3 in Axes
    79 | D:1      | Reached XP level 2. HP: 11/17 MP: 6/6
    79 | D:1      | 79 ||| Stepping ~*~*~tactically~*~*~ (stealth).
   154 | D:1      | 154 ||| Stepping ~*~*~tactically~*~*~ (stealth).
   443 | D:1      | 443 ||| DROPPING +0 club.
   837 | D:1      | 837 ||| Stepping ~*~*~tactically~*~*~ (stealth).
   839 | D:1      | 839 ||| Stepping ~*~*~tactically~*~*~ (stealth).
   847 | D:1      | 847 ||| Stepping ~*~*~tactically~*~*~ (stealth).
   866 | D:1      | 866 ||| Stepping ~*~*~tactically~*~*~ (stealth).
   868 | D:1      | 868 ||| Stepping ~*~*~tactically~*~*~ (stealth).
   886 | D:1      | 886 ||| Stepping ~*~*~tactically~*~*~ (stealth).
   951 | D:1      | Reached XP level 3. HP: 20/21 MP: 7/7
  1040 | D:1      | 1040 ||| Stepping ~*~*~tactically~*~*~ (hiding).
  1142 | D:1      | 1142 ||| Stepping ~*~*~tactically~*~*~ (hiding).
  1244 | D:1      | 1244 ||| Stepping ~*~*~tactically~*~*~ (hiding).
  1365 | D:1      | Reached skill level 4 in Axes
  1371 | D:1      | 1371 ||| Stepping ~*~*~tactically~*~*~ (stealth).
  1372 | D:1      | 1372 ||| Stepping ~*~*~tactically~*~*~ (stealth).
  1377 | D:1      | 1377 ||| Stepping ~*~*~tactically~*~*~ (stealth).
  1620 | D:1      | 1620 ||| UPGRADING to +0 ring mail.
  1630 | D:1      | 1630 ||| DROPPING +0 leather armour.
  1631 | D:1      | 1631 ||| UPGRADING to +0 chain mail.
  1641 | D:1      | 1641 ||| DROPPING +0 ring mail.
  1642 | D:1      | 1642 ||| READING 2 scrolls labelled GEFICKOOSTRO.
  1643 | D:1      | 1643 ||| READING scroll of enchant weapon.
  1643 | D:1      | 1643 ||| ENCHANTING +1 hand axe.
  1644 | D:1      | 1644 ||| READING 2 scrolls labelled BULUNI TOIJURCH.
  1645 | D:1      | 1645 ||| DRINKING 2 coppery potions.
  1646 | D:1      | 1646 ||| DROPPING scroll of blinking.
  1757 | D:2      | 1757 ||| Stepping ~*~*~tactically~*~*~ (stealth).
  1759 | D:2      | 1759 ||| Stepping ~*~*~tactically~*~*~ (stealth).
  1853 | D:2      | HP: 4/21 [acid (10)]
  1854 | D:2      | Splashed by a jelly's acid

Levels and vault maps discovered:
D:1:      minmay_arrival_stair_chambers, layout_basic
D:2:      layout_basic

Skill      XL: |  1  2  3 |
---------------+----------+-----
Axes           | 3 4 |  4.2
Fighting       | |  2.0
Throwing       | |  1.0
Armour         | |  1.1
Dodging        | |  2.1
Spellcasting   | |  2.0
Translocations | |  2.4

Action                   || total
-------------------------++-------
Melee: Hand axe          ||    80
       Kick              ||    16
       Peck              ||     8
Throw: Boomerang         ||     7
  Use: Scroll            ||     3
       Potion            ||     1
Armor: Leather armour    ||    16
       Chain mail        ||     7
Dodge: Dodged            ||    42

Table legend:
 A = Non-vault XP
 B = Vault XP
 C = Vault XP percentage of total XP
 D = Non-vault monster count
 E = Vault monster count
 F = Vault count percentage of total count
                 A         B        C        D         E       F
            +---------+---------+-------+---------+---------+-------
      Total |      61 |       0 |   0.0 |      37 |       0 |   0.0
            +---------+---------+-------+---------+---------+-------
        D:1 |      53 |       0 |   0.0 |      31 |       0 |   0.0
        D:2 |       8 |       0 |   0.0 |       6 |       0 |   0.0
            +---------+---------+-------+---------+---------+-------
